 Dungeon Sprint DCSS version 0.27-a0-1116-g91b3acb402 (webtiles) character file.

Game seed: 13719112994491884226

4028 mhtbhm the Scorcher (level 10, -21/50 HPs)
             Began as a Deep Elf Fire Elementalist on May 1, 2021.
             Was the Champion of Vehumet.
             Blown up by an eye of devastation (44 damage)
             ... with a bolt of energy
             ... in the Dungeon (Sprint V: "Ziggurat Sprint").
             The game lasted 00:02:47 (720 turns).

mhtbhm the Scorcher (Deep Elf Fire Elementalist)     Turns: 720, Time: 00:02:48

Health: -21/50     AC:  5    Str:  5    XL:     10   Next: 4%
Magic:  23/30      EV: 16    Int: 36    God:    Vehumet [******]
Gold:   0          SH:  0    Dex: 15    Spells: 8/38 levels left

rFire    + . .     SeeInvis .   C - +8 lance "Wyrmbane" {slay drac, rPois rF+ rC+ AC+3}
rCold    + . .     Faith    .   (no shield)
rNeg     . . .     Spirit   .   a - +0 robe
rPois    +         Reflect  .   (no helmet)
rElec    .         Harm     .   (no cloak)
rCorr    .         Rampage  .   (no gloves)
Will     +....     NoTele   +   (no boots)
Stlth    ++++......             (no amulet)
HPRegen  0.16/turn              u - +6 ring of intelligence
MPRegen  0.22/turn              v - +6 ring of intelligence

@: studying Fighting
A: no striking features
a: Renounce Religion


You were in the Dungeon.
You worshipped Vehumet.
Vehumet was exalted by your worship.
You visited 1 branch

Inventory:

Hand Weapons
 C - the +8 lance "Wyrmbane" (weapon) {slay drac, rPois rF+ rC+ AC+3}
   (You found it in the Dungeon)

   It affects your AC (+3).
   It protects you from fire.
   It protects you from cold.
   It protects you from poison.
Armour
 a - a +0 robe (worn)
Jewellery
 u - a +6 ring of intelligence (left hand)
 v - a +6 ring of intelligence (right hand)
Wands
 y - a wand of mindburst (7)
 z - a wand of iceblast (1)
 A - a wand of acid (7)
Scrolls
 h - 3 scrolls of blinking
 m - 4 scrolls of amnesia
 n - 7 scrolls of fog
 o - a scroll of holy word
 p - 5 scrolls of identify
Potions
 b - 2 potions of brilliance
 c - 10 potions of curing
 d - 10 potions of heal wounds
 e - 6 potions of haste
 f - 7 potions of magic
 g - 3 potions of berserk rage
 i - 2 potions of invisibility
 j - 4 potions of resistance
 k - a potion of experience
 l - 5 potions of might
Miscellaneous
 q - a tin of tremorstones (2/2)
 r - a condenser vane
 s - a box of beasts
 B - a lightning rod (4/4)


   Skills:
 + Level 9.0 Dodging
 - Level 7.7 Stealth
 + Level 14.8 Spellcasting
 + Level 6.8 Conjurations
 + Level 16.5 Fire Magic
 + Level 7.8 Evocations


You had 8 spell levels left.
You knew the following spells:

 Your Spells              Type           Power      Damage    Failure   Level
a - Foxfire               Conj/Fire      100%       2x1d9     0%          1
b - Conjure Flame         Conj/Fire      84%        6-21      1%          3
c - Inner Flame           Hex/Fire       72%        N/A       1%          3
d - Sticky Flame          Conj/Fire      84%        2d10      1%          4
e - Fireball              Conj/Fire      42%        3d17      1%          5
f - Ignition              Fire           49%        3d14      3%          8
g - Iron Shot             Conj/Erth      25%        9d5       14%         6

Your spell library contained the following spells:

 Spells                   Type           Power      Damage    Failure   Level
 Ignite Poison            Fire/Tmut/Pois 60%        N/A       1%          3
 Corona                   Hex            28%        N/A       1%          1
 Static Discharge         Conj/Air       50%        N/A       1%          2
 Slow                     Hex            26%        N/A       2%          2
 Lightning Bolt           Conj/Air       25%        1d41      2%          5
 Portal Projectile        Hex/Tloc       52%        N/A       4%          3
 Spider Form              Tmut/Pois      13%        N/A       4%          3
 Yara's Violent Unravell  Hex/Tmut       13%        3d7       11%         5
 Cause Fear               Hex            13%        N/A       14%         4
 Leda's Liquefaction      Hex/Erth       13%        N/A       14%         4
 Petrify                  Tmut/Erth      26%        N/A       14%         4
 Silence                  Hex/Air        13%        N/A       36%         5
 Summon Mana Viper        Hex/Summ       26%        N/A       36%         5
 Statue Form              Tmut/Erth      17%        N/A       91%         6
 Dragon Form              Tmut           13%        N/A       100%        7
 Discord                  Hex            13%        N/A       100%        8
 Shatter                  Erth           13%        3d13*     100%        9
 Tornado                  Air            13%        N/A       100%        9


Dungeon Overview and Level Annotations

Branches:
Dungeon (1/1)

Altars:
Ashenzari
Cheibriados
Dithmenos
Elyvilon
Fedhas
Gozag
Hepliaklqana
Kikubaaqudgha
Makhleb
Nemelex Xobeh
Okawaru
Qazlal
Ru
Sif Muna
Trog
Uskayaw
Vehumet
Wu Jian
Xom
Yredelemnul
Zin
The Shining One
Beogh
Jiyva
Lugonu


Message History

You kill the jelly!
Vehumet accepts your kill.
The fireball engulfs the shining eye!!
The shining eye is heavily wounded.
The shining eye turns its gaze towards you.
The fireball engulfs the slime creature!!!
The slime creature is severely wounded.
The slime creature quivers.
The fireball engulfs the eye of devastation!
The eye of devastation is moderately wounded.
The fireball engulfs the shining eye!!
The shining eye is almost dead.
The fireball engulfs the shining eye!
You kill the shining eye!
Vehumet accepts your kill.
You feel your power returning.
The fireball engulfs the slime creature!!
You kill the slime creature!
Vehumet accepts your kill.
You feel your power returning.
The fireball engulfs the eye of devastation!
The eye of devastation is heavily wounded.
The fireball engulfs the eye of devastation.
The eye of devastation is heavily wounded.
The eye of devastation gazes at you. The bolt of energy hits you!!
Ouch! That really hurt!
You have reached level 10!
Casting: Ignition (quite dangerous; 3% risk of failure)
Confirm with . or Enter, or press ? or * to list all spells.
Aiming: Fireball (safe; 1% risk of failure)
Press: ? - help, Shift-Dir - straight line, f - eye of devastation
Aim: an eye of devastation (heavily wounded)
The fireball explodes!
The fireball engulfs the eye of devastation!!
The eye of devastation is almost dead.
The eye of devastation gazes at you. The bolt of energy hits you!!!
Ouch! That really hurt!
You die...

▓..)[)..▓
▓..[}:..▓
▓....G..▓
▓.......▓
▓.......▓
.......
▓.▓...▓.▓
▓...@...▓
▓▓▓▓▓▓▓▓▓


You could see an eye of devastation.

Vanquished Creatures
  A shining eye (D)
  An ugly thing (D)
  2 draconians (D)
  An eye of devastation (D)
  A queen bee (shapeshifter) (D)
  4 slime creatures (D)
  A fire bat (shapeshifter) (D)
  A golden eye (shapeshifter) (D)
  A floating eye (D)
  A black bear (D)
  An ice beast (shapeshifter) (D)
  7 wolves (D)
  2 jellies (D)
  2 iguanas (D)
  2 endoplasms (D)
  A jackal (D)
29 creatures vanquished.

Notes
Turn   | Place    | Note
-------+----------+-------------------------------------------
     0 | D        | mhtbhm the Deep Elf Fire Elementalist began the quest for
                  | the Orb.
     0 | D        | Reached XP level 1. HP: 10/10 MP: 6/6
     0 | D        | Found a shimmering blue altar of Sif Muna.
     0 | D        | Found a bloodstained altar of Trog.
     0 | D        | Found a sacrificial altar of Ru.
     0 | D        | Found a stormy altar of Qazlal.
     0 | D        | Found an iron altar of Okawaru.
     1 | D        | Found a sparkling altar of Nemelex Xobeh.
     1 | D        | Found a blossoming altar of Fedhas.
     2 | D        | Found the +6 Majin-Bo {vamp, MP+6 Int+6}
     2 | D        | Found the +9 heavy crossbow "Sniper" {vorpal, Acc+∞ SInv}
     2 | D        | Found the +10 dark maul {vorpal}
     2 | D        | Found the +15 Maxwell's patent armour {-Cast -Tele rElec
                  | Will+ rCorr}
     2 | D        | Found the +18 shield of the Gong {rElec rN+ Will+ EV-5}
     2 | D        | Found the +14 obsidian axe {vorpal, Drain Fly SInv}
     2 | D        | Found the +7 great mace "Firestarter" {inner flame, rF++}
     2 | D        | Found the +6 shillelagh "Devastator" {shatter}
     2 | D        | Found the +11 plutonium sword {Contam Stlth-}
     2 | D        | Found the +8 lance "Wyrmbane" {slay drac, rPois rF+ rC+
                  | AC+3}
     2 | D        | Found the +9 sword of Zonguldrok {reap}
     2 | D        | Found the +13 scythe of Curses {drain, Drain}
     2 | D        | Found the +5 sword of Power {vorpal}
     2 | D        | Found the +7 mace of Variability {chain chaos}
     2 | D        | Found the +7 Singing Sword {vorpal, sonic wave}
     2 | D        | Found the +8 storm bow {elec, penet}
     3 | D        | Found a transporter.
     3 | D        | Found an ancient bone altar of Kikubaaqudgha.
     3 | D        | Found a viscous altar of Jiyva.
     3 | D        | Found a corrupted altar of Lugonu.
     3 | D        | Found a hazy altar of Hepliaklqana.
     3 | D        | Found a burning altar of Makhleb.
     3 | D        | Found an opulent altar of Gozag.
    35 | D        | Became a worshipper of Vehumet
    55 | D        | Entered arena 2.
    55 | D        | Noticed a draconian
    55 | D        | Noticed a draconian
    55 | D        | Found a transporter.
    69 | D        | Killed a draconian
    70 | D        | Reached skill level 5 in Stealth
    70 | D        | Reached skill level 11 in Fire Magic
    70 | D        | Reached XP level 2. HP: 15/15 MP: 6/13
    70 | D        | Reached XP level 3. HP: 19/19 MP: 6/15
    70 | D        | Reached XP level 4. HP: 24/24 MP: 6/16
    70 | D        | Reached XP level 5. HP: 28/28 MP: 6/18
    70 | D        | Reached XP level 6. HP: 32/32 MP: 6/19
    72 | D        | Killed a draconian
    73 | D        | Reached skill level 13 in Fire Magic
    73 | D        | Reached XP level 7. HP: 36/36 MP: 6/22
    93 | D        | Learned a level 3 spell: Conjure Flame
    97 | D        | Learned a level 3 spell: Inner Flame
   102 | D        | Learned a level 4 spell: Sticky Flame
   108 | D        | Learned a level 5 spell: Fireball
   161 | D        | Entered arena 3.
   161 | D        | Found a transporter.
   162 | D        | Found the +5 robe of Misfortune {Contam Harm *Corrode Drain
                  | *Slow EV+5}
   162 | D        | Reached * piety under Vehumet
   162 | D        | Offered knowledge of Magic Dart by Vehumet.
   163 | D        | Reached skill level 10 in Spellcasting
   166 | D        | Reached skill level 5 in Evocations
   175 | D        | Got the Disquisition on Moulding and the Oath
   259 | D        | Entered arena 4.
   259 | D        | Found a transporter.
   260 | D        | Reached ** piety under Vehumet
   261 | D        | Reached XP level 8. HP: 41/41 MP: 19/24
   317 | D        | Learned a level 8 spell: Ignition
   318 | D        | Entered arena 5.
   318 | D        | Found a transporter.
   320 | D        | Offered knowledge of Poisonous Vapours by Vehumet.
   320 | D        | Reached *** piety under Vehumet
   321 | D        | Reached skill level 14 in Fire Magic
   335 | D        | Entered arena 6.
   335 | D        | Noticed a green ugly thing
   335 | D        | Noticed a queen bee
   335 | D        | a black bear changed into a queen bee
   335 | D        | Found a transporter.
   337 | D        | Reached **** piety under Vehumet
   342 | D        | Killed a queen bee
   343 | D        | Reached skill level 15 in Fire Magic
   344 | D        | Reached XP level 9. HP: 37/45 MP: 2/27
   344 | D        | Killed a green ugly thing
   345 | D        | Reached skill level 5 in Conjurations
   551 | D        | Got the Guide on Hurtful Shape Shifting
   664 | D        | Learned a level 6 spell: Iron Shot
   667 | D        | Entered arena 7.
   667 | D        | Noticed an eye of devastation
   668 | D        | Offered knowledge of Ignite Poison by Vehumet.
   668 | D        | Reached ***** piety under Vehumet
   668 | D        | Killed an eye of devastation
   669 | D        | Reached skill level 16 in Fire Magic
   671 | D        | Found a transporter.
   718 | D        | Entered arena 8.
   718 | D        | Noticed a shining eye
   718 | D        | Noticed an eye of devastation
   719 | D        | Killed a shining eye
   719 | D        | Reached ****** piety under Vehumet
   720 | D        | Reached XP level 10. HP: 22/50 MP: 28/30
   720 | D        | Blown up by an eye of devastation

Illustrated notes

Levels and vault maps discovered:
D:        sprint_v [room_start, room_1, room_2, room_3, room_4, room_5, room_6,
          room_7, room_8, room_9, room_10, room_11, room_12, room_13, room_14,
          room_15, room_16, room_17, room_18, room_19, room_20, room_21,
          room_22, room_23, room_24, room_25, room_26, room_27]

Skill      XL: |  1  2  3  4  5  6  7  8  9 |
---------------+----------------------------+-----
Dodging        | 6 7 8 9 |  9.0
Stealth        | 5 6 7 |  7.7
Spellcasting   | 8 9 10 12 14 | 14.8
Fire Magic     | 11 13 15 16 | 16.5
Evocations     | 3 4 5 6 7 |  7.8
Conjurations   | 2 4 6 |  6.8

Action                   |  1- 3 |  4- 6 |  7- 9 | 10-12 || total
-------------------------+-------+-------+-------+-------++-------
 Cast: Fireball          |       |       |    14 |     1 ||    15
       Sticky Flame      |       |       |     2 |       ||     2
       Ignition          |       |       |     2 |       ||     2
Evoke: Wand              |     6 |       |       |       ||     6
       Lightning rod     |     1 |     3 |     1 |       ||     5
       Condenser vane    |       |       |     1 |       ||     1
  Use: Scroll            |     2 |       |     1 |       ||     3
Armor: Robe              |       |       |     4 |       ||     4
Dodge: Dodged            |       |       |     5 |       ||     5

Table legend: (Time is in decaauts)
 A = Elapsed time spent in this place.
 B = Non-inter-level travel time spent in this place.
 C = Inter-level travel time spent in this place.
 D = Time resting spent in this place.
 E = Time spent auto-exploring this place.
 F = Levels seen in this place.
 G = Mean time per level.
                   A        B        C        D        E       F      G
               +--------+--------+--------+--------+--------+-----+--------+
         Total |    718 |    718 |      0 |    501 |      0 |   1 |  718.0 |
       Dungeon |    718 |    718 |      0 |    501 |      0 |   1 |  718.0 |
               +--------+--------+--------+--------+--------+-----+--------+

Top non-repeatable levels by time:
       D: 718 daAuts
